 Dungeon Crawl Stone Soup version 0.30-a0-782-ge64f9170bb (webtiles) character file.

Game seed: 2962634214078460422

8202 Lobster4 the Cleaver (level 11, -1/97 HPs)
             Began as a Hill Orc Fighter on Feb 19, 2023.
             Was a Believer of Nemelex Xobeh.
             Succumbed to a hornet's poison
             ... while paralysed by a hornet
             ... on level 9 of the Dungeon.
             The game lasted 00:30:05 (10465 turns).

Lobster4 the Cleaver (Hill Orc Fighter)            Turns: 10465, Time: 00:30:06

Health: -1/97      AC: 14    Str: 33    XL:     11   Next: 27%
Magic:  15/15      EV:  2    Int: 10    God:    Nemelex Xobeh [**....]
Gold:   193        SH:  0    Dex:  8    Spells: 12/16 levels left

rFire   . . .      SeeInvis +    a - +0 war axe
rCold   + . .      Faith    .    c - +0 buckler
rNeg    + + .      Spirit   .    K - +2 leather armour "Qaeneopt" {rN++ Regen+ Dex-2 Stlth+}
rPois   .          Reflect  +    A - +0 helmet
rElec   .          Harm     .    e - +1 cloak
rCorr   .          Rampage  .    C - +2 pair of gloves
Will    .....                    v - +0 pair of boots
Stlth   ++                       s - amulet of reflection
HPRegen 1.16/turn                q - ring "Wiculisu" {rC+ Str+5 SInv}
MPRegen 0.14/turn                L - +6 ring of strength

@: paralysed, lethally poisoned (-1 -> -13), slowed
A: no striking features
a: Renounce Religion, Draw Escape, Draw Destruction, Draw Summoning


You were on level 9 of the Dungeon.
You worshipped Nemelex Xobeh.
Nemelex Xobeh was pleased with you.
You visited 2 branches of the dungeon, and saw 11 of its levels.

You collected 1343 gold pieces.
You spent 1150 gold pieces at shops.

Inventory:

Hand Weapons
 a - a +0 war axe (weapon)
 b - a +0 sling
 h - a +0 flail
 t - a +1 heavy sling
 D - a +3 whip
Missiles
 l - 15 poisoned darts
 y - a boomerang (quivered)
 G - 4 silver javelins
Armour
 c - a +0 buckler (worn)
 e - a +1 cloak (worn)
 f - a +0 scale mail
 v - a +0 pair of boots (worn)
 w - +0 ice dragon scales
 A - a +0 helmet (worn)
 C - a +2 pair of gloves (worn)
 F - a +2 leather armour of willpower
 I - a +0 ring mail
 K - the +2 leather armour "Qaeneopt" (worn) {rN++ Regen+ Dex-2 Stlth+}
   (You found it on level 6 of the Dungeon)

   Dex:       It affects your dexterity (-2).
   rN:        It greatly protects you from negative energy.
   Regen:     It increases your rate of health regeneration.
   Stlth:     It makes you more stealthy.
Magical Staves
 o - a staff of air
Jewellery
 g - a ring of ice
 p - a ring of magical power
 q - the ring "Wiculisu" (left hand) {rC+ Str+5 SInv}
   (You bought it in a shop on level 5 of the Dungeon)

   [ring of protection from cold]

   Str:       It affects your strength (+5).
   rC:        It protects you from cold.
   SInv:      It lets you see invisible.
 r - an amulet of magic regeneration
 s - an amulet of reflection (around neck)
 L - a +6 ring of strength (right hand)
Wands
 u - a wand of mindburst (7)
Scrolls
 i - a scroll of blinking
 j - 4 scrolls of teleportation
 n - a scroll of fog
 J - 4 scrolls of fear
 M - 2 scrolls of magic mapping
 O - a scroll of enchant armour
 Q - a scroll of noise {unknown}
 S - a scroll of identify
Potions
 d - a potion of resistance
 k - 2 potions of brilliance
 m - 2 potions of flight
 x - 3 potions of heal wounds
 z - 2 potions of magic
 B - 3 potions of cancellation
 E - 2 potions of lignification
 H - a potion of ambrosia
 N - 2 potions of might
 P - a potion of berserk rage {unknown}
 R - 2 potions of invisibility


   Skills:
 + Level 9.4 Fighting
 + Level 9.7 Axes
 - Level 3.0 Ranged Weapons
 - Level 3.0 Throwing
 + Level 8.7 Armour
 + Level 8.6 Shields
 - Level 3.0 Spellcasting
 - Level 3.0 Conjurations
 - Level 3.0 Fire Magic
 - Level 5.0 Invocations
 - Level 3.0 Evocations


You had 12 spell levels left.
You knew the following spells:

 Your Spells              Type           Power      Damage    Failure   Level
a - Flame Wave            Conj/Fire      7%         2d5       73%         4

Your spell library contained the following spells:

 Spells                   Type           Power      Damage    Failure   Level
 Kiss of Death            Conj/Necr      16%        2d6       21%         1
 Apportation              Tloc           2%         N/A       36%         1
 Necrotise                Necr           4%         1d4       36%         1
 Summon Small Mammal      Summ           4%         N/A       36%         1
 Dazzling Flash           Conj/Hex       8%         N/A       52%         3
 Inner Flame              Hex/Fire       4%         N/A       52%         3
 Sticky Flame             Conj/Fire      7%         2d3       73%         4
 Confusing Touch          Hex            1%         N/A       75%         3
 Tukima's Dance           Hex            1%         N/A       75%         3
 Iskenderun's Mystic Bla  Conj/Tloc      4%         2d3       90%         4
 Cause Fear               Hex            0%         N/A       98%         4
 Dispel Undead            Necr           1%         3d6       98%         4
 Leda's Liquefaction      Hex/Erth       0%         N/A       98%         4
 Passage of Golubria      Tloc           1%         N/A       98%         4
 Lee's Rapid Deconstruct  Erth           0%         3d4*      100%        5
 Yara's Violent Unravell  Hex/Tmut       0%         3d3       100%        5
 Starburst                Conj/Fire      3%         6d3       100%        6
 Statue Form              Tmut/Erth      0%         N/A       100%        6
 Discord                  Hex            0%         N/A       100%        8


Dungeon Overview and Level Annotations

Branches:
Dungeon (10/15)            Temple (1/1) D:6
   Lair: D:8-11         Orc: D:9-12

Altars:
Ashenzari
Cheibriados
Dithmenos
Elyvilon
Fedhas
Gozag
Hepliaklqana
Kikubaaqudgha
Makhleb
Nemelex Xobeh
Okawaru
Qazlal
Ru
Sif Muna
Trog
Uskayaw
Vehumet
Wu Jian
Xom
Yredelemnul
Zin
The Shining One
Lugonu

Shops:
D:5 =   D:7 *   D:9 :

Annotations:
D:8 3 runed translucent doors, 1 exclusion, Pooter's ghost, novice GnWn


Message History

The hornet stings you but does no damage.
The hornet barely misses you.
You slash the hornet!
The hornet is heavily wounded.
You feel sick. You block the hornet's attack. x2
You closely miss the hornet.
The hornet is heavily wounded.
You feel sick.
The hornet stings you but does no damage.
You hit the hornet.
The hornet is heavily wounded.
You feel sick. You block the hornet's attack.
The hornet stings you but does no damage.
You closely miss the hornet.
The hornet is heavily wounded.
You feel sick.
You are no longer poisoned.
The hornet stings you but does no damage.
You hit the hornet.
The hornet is heavily wounded.
The hornet stings you!
You are poisoned.
You feel yourself slow down. The hornet stings you!
You are more poisoned.
You feel as though you will be slow longer.
You closely miss the hornet.
The hornet is heavily wounded.
You feel extremely sick. The hornet stings you!
* * * LOW HITPOINT WARNING * * *
You suddenly lose the ability to move!
The hornet stings you!
* * * LOW HITPOINT WARNING * * *
You are lethally poisoned!
You feel as though you will be slow longer.
The hornet barely misses you.
* * * LOW HITPOINT WARNING * * *
You feel very sick.
The hornet stings you but does no damage.
You die...
Your body glows slightly and disappears.

##># # #####.####### ###
#...........# #.. #...........#
##.# #...........# #...
#############...........#### #..(
...........##..............###...
##########..............##..##...
####..y@.......###......
##.########## ####... #.### ####
#...## ###..# ##.# # ##'#########
# #########
#####.)).......####### ........#
#..)[..........'...#..


You could see a hornet.

Vanquished Creatures
  Amaemon (D:9)
  Pikel (D:5)
  Joseph (D:7)
  Maurice (D:8)
  An orange demon (D:9)
  A wyvern (D:7)
  8 yaks
  2 steam dragons
  4 water moccasins
  3 orc warriors
  2 black bears
  2 ice beasts
  A sky beast (D:6)
  2 ogres
  3 centaurs
  2 kobold brigands
  3 bullfrogs
  4 scorpions
  2 gnoll sergeants
  2 necrophages
  5 wights (D:7)
  15 killer bees
  3 howler monkeys
  10 hounds
  2 jellies
  3 orc priests
  A gnoll bouda (D:4)
  5 iguanas
  12 orc wizards
  Robin (D:3)
  17 gnolls
  7 adders
  A shadow imp (D:7)
  4 white imps
  An ufetubus (D:7)
  A worm (D:2)
  2 dart slugs (D:3)
  42 orcs
  7 endoplasms
  2 giant cockroaches (D:2)
  19 goblins
  8 hobgoblins
  3 jackals (D:3)
  18 kobolds
  5 quokkas
  8 ball pythons
  5 bats
  3 frilled lizards
  6 rats
262 creatures vanquished.

Vanquished Creatures (others)
  2 orcs (D:7)
  4 plants (D:8)
6 creatures vanquished.

Grand Total: 268 creatures vanquished

Notes
Turn   | Place    | Note
-------+----------+-------------------------------------------
     0 | D:1      | Lobster4 the Hill Orc Fighter began the quest for the Orb.
     0 | D:1      | Reached XP level 1. HP: 19/19 MP: 1/1
   508 | D:1      | Reached XP level 2. HP: 27/27 MP: 2/2
   883 | D:2      | Reached XP level 3. HP: 33/33 MP: 3/3
  1029 | D:2      | Reached skill level 1 in Ranged Weapons
  1210 | D:2      | Reached XP level 4. HP: 33/40 MP: 4/4
  1509 | D:3      | Found an opulent altar of Gozag.
  1596 | D:3      | Found a faded altar of an unknown god.
  1804 | D:3      | Found an ornate altar of the Wu Jian Council.
  2095 | D:3      | Reached XP level 5. HP: 42/47 MP: 5/5
  2677 | D:3      | Noticed Robin
  2709 | D:3      | Killed Robin
  3065 | D:4      | Found a shimmering blue altar of Sif Muna.
  3071 | D:4      | Noticed an ogre
  3081 | D:4      | Killed an ogre
  3082 | D:4      | Reached XP level 6. HP: 28/55 MP: 6/6
  3187 | D:4      | Reached skill level 5 in Fighting
  3488 | D:5      | Entered Level 5 of the Dungeon
  3488 | D:5      | Noticed an ice beast
  3508 | D:5      | Killed an ice beast
  3509 | D:5      | Reached XP level 7. HP: 61/61 MP: 7/7
  3513 | D:5      | Noticed Pikel
  3526 | D:5      | Killed Pikel
  3527 | D:5      | Reached skill level 5 in Axes
  3527 | D:5      | Reached skill level 5 in Armour
  3527 | D:5      | Reached skill level 5 in Shields
  3527 | D:5      | Reached skill level 1 in Spellcasting
  3527 | D:5      | Reached XP level 8. HP: 69/70 MP: 9/9
  4021 | D:5      | Found Ceutteul's Jewellery Boutique.
  4106 | D:5      | Found a blossoming altar of Fedhas.
  4346 | D:5      | Found a white marble altar of Elyvilon.
  5143 | D:6      | You fall into a shaft and drop 3 floors!
  5165 | D:9      | Noticed Amaemon
  5195 | D:9      | Found Iwerphicif's Book Emporium.
  5201 | D:8      | Noticed a wyvern
  5225 | D:7      | Killed a wyvern
  5226 | D:7      | Reached XP level 9. HP: 19/78 MP: 12/12
  5844 | D:6      | Found a staircase to the Ecumenical Temple.
  5867 | Temple   | Entered the Ecumenical Temple
  5932 | Temple   | Became a worshipper of Nemelex Xobeh the Trickster
  5982 | D:6      | Identified the +2 leather armour "Qaeneopt" {rN++ Regen+
                  | Dex-2 Stlth+}
  5999 | D:6      | Learned a level 4 spell: Flame Wave
  6133 | D:6      | Found a shimmering altar of Xom.
  6152 | D:6      | Found a glowing golden altar of the Shining One.
  6323 | D:6      | Found a hide-covered altar of Uskayaw.
  6474 | D:6      | Reached skill level 1 in Invocations
  6658 | D:7      | Found Koenetz's Assorted Antiques.
  6675 | D:7      | Reached skill level 1 in Fire Magic
  6761 | D:7      | Reached skill level 1 in Throwing
  6761 | D:7      | Reached skill level 1 in Conjurations
  6782 | D:7      | Reached * piety under Nemelex Xobeh
  6794 | D:7      | Received a gift from Nemelex Xobeh
  7080 | D:7      | Reached XP level 10. HP: 34/84 MP: 14/14
  7316 | D:7      | Noticed Joseph
  7328 | D:7      | Killed Joseph
  7857 | D:7      | Found a broken altar of Ashenzari.
  8352 | D:8      | Noticed Maurice
  8372 | D:8      | Killed Maurice
  8410 | D:8      | Reached ** piety under Nemelex Xobeh
  8500 | D:8      | Received a gift from Nemelex Xobeh
  8958 | D:8      | Found a runed translucent gate.
  8958 | D:8      | Found a runed translucent gate.
  8958 | D:8      | Found a runed translucent gate.
  8959 | D:8      | Noticed a nine-headed hydra
  8959 | D:8      | Noticed Pooter's ghost (novice GnWn)
  9130 | D:9      | Noticed an orange demon
  9147 | D:9      | Killed Amaemon
  9148 | D:9      | Reached skill level 5 in Invocations
  9157 | D:9      | Killed an orange demon
  9451 | D:9      | Reached XP level 11. HP: 81/95 MP: 15/15
  9626 | D:9      | Identified a scroll of acquirement
  9626 | D:9      | Acquired 784 gold pieces
  9715 | D:5      | Bought the ring "Wiculisu" {rC+ Str+5 SInv} for 700 gold
                  | pieces
  9717 | D:5      | Bought an amulet of reflection for 450 gold pieces
  9804 | D:9      | Found a basalt altar of Yredelemnul.
  9857 | D:9      | Found a sacrificial altar of Ru.
 10098 | D:9      | Found a bloodstained altar of Trog.
 10098 | D:9      | Found a burning altar of Makhleb.
 10105 | D:9      | Found a faded altar of an unknown god.
 10107 | D:9      | Found a faded altar of an unknown god.
 10109 | D:9      | Found an ancient bone altar of Kikubaaqudgha.
 10174 | D:9      | Found a stormy altar of Qazlal.
 10415 | D:10     | Entered Level 10 of the Dungeon
 10447 | D:10     | Paralysed by a hornet for 3 turns
 10463 | D:9      | Paralysed by a hornet for 3 turns
 10464 | D:9      | HP: 3/97 [poisoned by a hornet]
 10465 | D:9      | Succumbed to a hornet's poison

Illustrated notes

Levels and vault maps discovered:
D:1:      zaba_arrival_water, layout_basic
D:2:      layout_rooms
D:3:      kennysheep_goblin_castle, layout_loops_corners,
          mainiacjoe_overflow_six_doors_small, old_standard_altar,
          hellmonk_ecumenical_altar_slurped_away
D:4:      layout_rooms, mainiacjoe_overflow_concentric_impassable, st_stairs_10
D:5:      layout_loops_corners, lemuel_doored_altar,
          mainiacjoe_overflow_catwalk, serial_shops, shop,
          minmay_misc_feat_nine_boxes, uniq_pikel
D:6:      minmay_spotlight, layout_basic, lemuel_crystal_altar,
          lemuel_tele_altar, tso_altar, minmay_temple_entry_slanted,
          minmay_misc_feat_chi
D:7:      layout_basic, kennysheep_little_box, serial_shops, shop,
          minmay_fractal_squares_5, uniq_joseph
D:8:      layout_gridville, gammafunk_ghost_hydra_chop, uniq_maurice
D:9:      layout_roguey, nicolae_overflow_crystal_walls,
          mainiacjoe_overflow_surrounded_room, mainiacjoe_overflow_paths,
          chequers_temple_overflow_minitemple, serial_shops, shop, uniq_amaemon
D:10:     minmay_bubble_buster, layout_loops_cross, uniq_gastronok
Temple:   corrupted_temple

Skill      XL: |  1  2  3  4  5  6  7  8  9 10 11 |
---------------+----------------------------------+-----
Axes           | 3 4 5 6 7 9 |  9.7
Fighting       | 4 5 6 7 8 9 |  9.4
Ranged Weapons | 1 2 3 |  3.0
Armour         | 4 5 6 7 8 |  8.7
Shields        | 4 5 6 7 8 |  8.6
Spellcasting   | 1 2 3 |  3.0
Evocations     | 2 3 |  3.0
Invocations    | 2 5 |  5.0
Fire Magic     | 2 3 |  3.0
Throwing       | 1 3 |  3.0
Conjurations   | 1 3 |  3.0

Action                     |  1- 3 |  4- 6 |  7- 9 | 10-12 || total
---------------------------+-------+-------+-------+-------++-------
  Melee: War axe           |    57 |   111 |   307 |   316 ||   791
   Fire: Sling             |    49 |    90 |    80 |       ||   219
  Throw: Dart              |       |     5 |    16 |    14 ||    35
         Javelin           |       |       |     4 |     8 ||    12
         Boomerang         |       |       |       |    31 ||    31
 Invoke: Draw Destruction  |       |       |       |     2 ||     2
  Evoke: Wand              |       |       |       |    15 ||    15
    Use: Scroll            |       |     5 |    11 |    10 ||    26
         Potion            |       |     1 |     1 |     4 ||     6
   Stab: Sleeping          |       |       |       |     1 ||     1
 Armour: Scale mail        |    56 |    62 |   141 |       ||   259
         Leather armour    |       |       |    74 |   201 ||   275
  Dodge: Dodged            |    46 |    68 |   207 |   164 ||   485
  Block: Buckler           |    23 |    34 |    96 |    99 ||   252
         Reflection        |       |       |       |     1 ||     1

Table legend: (Time is in decaauts)
 A = Elapsed time spent in this place.
 B = Non-inter-level travel time spent in this place.
 C = Inter-level travel time spent in this place.
 D = Time resting spent in this place.
 E = Time spent auto-exploring this place.
 F = Levels seen in this place.
 G = Mean time per level.
                   A        B        C        D        E       F      G
               +--------+--------+--------+--------+--------+-----+--------+
         Total |  10701 |  10151 |    550 |    950 |   6730 |  11 |  972.8 |
       Dungeon |  10619 |  10084 |    535 |    950 |   6673 |  10 | 1061.9 |
        Temple |     81 |     66 |     15 |      0 |     57 |   1 |   81.0 |
               +--------+--------+--------+--------+--------+-----+--------+

Top non-repeatable levels by time:
     D:7: 1607 daAuts
     D:3: 1497 daAuts
     D:5: 1457 daAuts
     D:9: 1297 daAuts
     D:6: 1189 daAuts
     D:8: 1129 daAuts
     D:1: 861 daAuts
     D:4: 851 daAuts
     D:2: 681 daAuts
  Temple: 81 daAuts
    D:10: 46 daAuts
